 Dungeon Crawl Stone Soup version 0.21-a0-352-g5b8f553 (webtiles) character file.

520 Internecine the Digger (level 7, 0/52 HPs)
             Began as a Hill Orc Earth Elementalist on Oct 10, 2017.
             Was an Initiate of Okawaru.
             Slain by a bullfrog (5 damage)
             ... on level 6 of the Dungeon on Oct 11, 2017.
             The game lasted 00:38:33 (4477 turns).

Internecine the Digger (HOEE)                       Turns: 4477, Time: 00:38:34

Health: 0/52       AC:  2    Str: 11      XL:     7   Next: 21%
Magic:  1/11       EV: 12    Int: 15      God:    Okawaru [......]
Gold:   262        SH:  0    Dex:  8 (13) Spells: 6/12 levels left

rFire    . . .     SeeInvis .   p - +0 dagger (holy)
rCold    . . .     Gourm    .   (no shield)
rNeg     . . .     Faith    .   j - -1 leather armour
rPois    .         Spirit   .   (no helmet)
rElec    .         Reflect  .   (no cloak)
rCorr    .         Harm     .   (no gloves)
MR       .....                  (no boots)
Stlth    +.........             (no amulet)
HPRegen  0.17/turn              f - ring of flight
MPRegen  0.12/turn              (no ring)

@: about to teleport, flying, very slightly contaminated
A: no striking features
a: Renounce Religion


You were on level 6 of the Dungeon.
You worshipped Okawaru.
Okawaru was noncommittal.
You were hungry.

You visited 2 branches of the dungeon, and saw 7 of its levels.

You collected 262 gold pieces.

Inventory:

Hand Weapons
 k - a +0 club
 l - a +0 mace
 p - a +0 dagger of holy wrath (weapon)
 D - a +0 hunting sling
Missiles
 b - 86 stones (quivered)
 o - 26 arrows
 y - 67 sling bullets
 B - 21 bolts
Armour
 c - a +0 robe
 h - a cursed +0 ring mail
 j - a -1 leather armour (worn)
 n - a +0 ring mail
 A - a +0 scale mail
 C - a +0 pair of gloves
Jewellery
 f - a ring of flight (left hand)
 H - an uncursed ring of magical power {unknown}
Scrolls
 a - a scroll of random uselessness {unknown}
 i - 2 scrolls of teleportation
 q - 3 scrolls of remove curse
 s - 4 scrolls of identify {unknown}
 u - a scroll of recharging {unknown}
 v - a scroll of immolation {unknown}
 z - 2 scrolls of blinking {unknown}
 E - a scroll of amnesia {unknown}
 F - a scroll of enchant armour {unknown}
 K - a scroll of enchant weapon {unknown}
 L - a scroll of fog {unknown}
Potions
 g - 4 potions of curing {unknown}
 r - 2 potions of flight
 t - a potion of lignification {unknown}
 w - 2 potions of might {unknown}
 G - a potion of mutation {unknown}
 I - a potion of agility {unknown}
Books
 e - a book of Geomancy

   Spells                             Type                      Level
   a - Sandblast                      Earth                        1
   b - Passwall                       Transmutation/Earth          2
   c - Stone Arrow                    Conjuration/Earth            3
   d - Petrify                        Transmutation/Earth          4
   e - Lee's Rapid Deconstruction     Earth                        5
Comestibles
 d - 4 bread rations
 x - 3 meat rations
 J - 3 fruits


   Skills:
 + Level 1.1 Fighting
 + Level 1.0 Short Blades
 + Level 0.7 Maces & Flails
 + Level 2.0 Throwing
 + Level 2.1 Armour
 + Level 2.4 Dodging
 + Level 2.0 Stealth
 + Level 3.2 Spellcasting
 + Level 0.6 Transmutations
 + Level 4.9 Earth Magic


You had 6 spell levels left.
You knew the following spells:

 Your Spells              Type           Power        Failure   Level  Hunger
a - Sandblast             Erth           ###...       3%          1    #......
b - Passwall              Tmut/Erth      ##........   12%         2    ##.....
c - Stone Arrow           Conj/Erth      #.....       28%         3    ###....


Dungeon Overview and Level Annotations

Branches:
Dungeon (6/15)             Temple (1/1) D:4

Altars:
Ashenzari
Cheibriados
Dithmenos
Fedhas
Gozag
Hepliaklqana
Makhleb
Nemelex Xobeh
Okawaru
Qazlal
Ru
Sif Muna
Trog
Uskayaw
Wu Jian
Xom
Zin
The Shining One


Message History

The bullfrog is heavily wounded.
The bullfrog completely misses you.
You closely miss the bullfrog.
The bullfrog is heavily wounded.
The bullfrog closely misses you.
You hit the bullfrog but do no damage.
The bullfrog is heavily wounded.
The bullfrog hits you! The bullfrog closely misses you.
You hit the bullfrog.
The bullfrog is heavily wounded.
The bullfrog closely misses you.
You barely miss the bullfrog.
The bullfrog is heavily wounded.
The bullfrog hits you!
* * * LOW HITPOINT WARNING * * *
The bullfrog hits you.
* * * LOW HITPOINT WARNING * * *
As you read the scroll of teleportation, it crumbles to dust.
You feel strangely unstable. The bullfrog hits you.
You die...

## .## ..#
#.# #.##
#@.#
#.....F..#
#..........
#.......#..#
#.......##.#
#........ ..
#........ ..
#######..
...


You could see a bullfrog.

Vanquished Creatures
  An ogre (D:5)
  The ghost of dranichekk the Caller, a weakling BaSu (D:3)
  A quasit (D:5)
  A bullfrog skeleton (D:5)
  An orc priest (D:3)
  2 orc wizards
  An iguana (D:4)
  Natasha (D:3)
  2 worker ants
  A hound skeleton (D:5)
  3 adders
  An ooze (D:3)
  An adder skeleton (D:5)
  5 worms
  4 leopard geckos
  12 orcs
  6 bats
  9 giant cockroaches
  6 goblins
  7 hobgoblins
  11 kobolds
  4 quokkas
  A ball python (D:3)
  A frilled lizard (D:1)
  A leopard gecko skeleton (D:4)
  8 rats
92 creatures vanquished.

Notes
Turn   | Place    | Note
-------+----------+-------------------------------------------
     0 | D:1      | Internecine the Hill Orc Earth Elementalist began the quest for the Orb.
     0 | D:1      | Reached XP level 1. HP: 14/14 MP: 3/3
   229 | D:1      | Reached XP level 2. HP: 11/20 MP: 4/4
   320 | D:1      | HP: 1/20 [bat (1)]
   845 | D:1      | Reached XP level 3. HP: 26/26 MP: 1/5
  2091 | D:2      | Found a faded altar of an unknown god.
  2290 | D:2      | Reached XP level 4. HP: 30/33 MP: 0/7
  2496 | D:3      | Noticed dranichekk's ghost (weakling BaSu)
  2570 | D:3      | Killed dranichekk's ghost
  2570 | D:3      | Reached skill level 4 in Earth Magic
  2571 | D:3      | Reached XP level 5. HP: 18/39 MP: 0/8
  2731 | D:3      | Reached skill level 1 in Throwing
  3363 | D:3      | Noticed Natasha
  3369 | D:3      | Killed Natasha
  3542 | D:3      | Learned a level 2 spell: Passwall
  3546 | D:3      | Learned a level 3 spell: Stone Arrow
  3811 | D:4      | Reached skill level 1 in Armour
  3811 | D:4      | Reached XP level 6. HP: 37/46 MP: 6/10
  4001 | D:4      | Found a staircase to the Ecumenical Temple.
  4012 | Temple   | Entered the Ecumenical Temple
  4107 | Temple   | Became a worshipper of Warmaster Okawaru
  4334 | D:5      | Entered Level 5 of the Dungeon
  4405 | D:5      | Reached skill level 1 in Fighting
  4405 | D:5      | Reached skill level 1 in Short Blades
  4413 | D:5      | Reached XP level 7. HP: 22/52 MP: 3/11
  4477 | D:6      | Slain by a bullfrog

Vault maps used:
D:1:      dpeg_arrival_water_altar, minmay_tetromino_o4
D:2:      chequers_ecumenical_altar_simple_redux, first_bread
D:3:      uniq_natasha
D:4:      minmay_temple_entry_grid
D:5:      gammafunk_wand_slinger, kennysheep_crisscross,
          nemelex_dance_club_becter
D:6:      yredelemnul_altar_generic, elyvilon_altar_1, uniq_sigmund
Temple:   compressed_dpeg_circular_temple

Skill      XL: |  1  2  3  4  5  6  7 |
---------------+----------------------+-----
Spellcasting   | 2 3 |  3.2
Dodging        | 2 |  2.4
Earth Magic    | 4 |  4.9
Throwing       | 1 2 |  2.0
Armour         | 1 2 |  2.1
Fighting       | 1 |  1.1
Short Blades   | 1 |  1.0
Stealth        | 2 |  2.0
Maces & Flails | |  0.7
Transmutations | |  0.6

Action                   |  1- 3 |  4- 6 |  7- 9 || total
-------------------------+-------+-------+-------++-------
Melee: Mace              |    15 |       |       ||    15
       Dagger            |    36 |   149 |    25 ||   210
Throw: Stone             |    36 |    50 |     1 ||    87
 Cast: Sandblast         |    54 |    76 |     9 ||   139
  Use: Potion            |       |     3 |     3 ||     6
       Scroll            |       |     2 |     2 ||     4
 Stab: Sleeping          |       |       |     1 ||     1
  Eat: Chunk             |     5 |     7 |       ||    12
       Fruit             |       |     1 |       ||     1
Armor: Robe              |    13 |    17 |       ||    30
       Leather armour    |       |    16 |     6 ||    22
Dodge: Dodged            |    48 |   148 |    39 ||   235

Table legend:
 A = Spawn XP
 B = Non-spawn XP
 C = Spawn XP percentage of total XP
 D = Spawn monster count
 E = Non-spawn monster count
 F = Spawn count percentage of total count
 G = Total turns spent on level
                    A         B        C        D         E        F      G
               +---------+---------+-------+---------+---------+-------+---------
         Total |       0 |     743 |   0.0 |       0 |      92 |   0.0 |  4477
               +---------+---------+-------+---------+---------+-------+---------
           D:1 |       0 |      34 |   0.0 |       0 |      23 |   0.0 |   895
           D:2 |       0 |      56 |   0.0 |       0 |      23 |   0.0 |  1502
           D:3 |       0 |     198 |   0.0 |       0 |      25 |   0.0 |  1150
           D:4 |       0 |     138 |   0.0 |       0 |      12 |   0.0 |   672
           D:5 |       0 |     317 |   0.0 |       0 |       9 |   0.0 |   127
               +---------+---------+-------+---------+---------+-------+---------
